 Dungeon Crawl Stone Soup version 0.32-a0-909-gc671339a80 (webtiles) character file.

Game seed: 14507528487643449267

55 Esekla the Covered (level 3, -1/26 HPs)
             Began as a Demonspawn Wanderer on Apr 6, 2024.
             Was a Follower of Qazlal.
             Slain by Terence
             ... wielding a +0 falchion
              (8 damage)
             ... on level 2 of the Dungeon.
             The game lasted 00:08:41 (1780 turns).

Esekla the Covered (Demonspawn Wanderer)            Turns: 1780, Time: 00:08:42

Health: -1/26      AC:  7    Str: 10    XL:     3   Next: 67%
Magic:  0/6        EV:  9    Int: 16    God:    Qazlal [*.....]
Gold:   158        SH:  2    Dex: 12    Spells: 2/6 levels left

rFire   + + .        a - +0 battleaxe
rCold   . . .        (shield currently unavailable)
rNeg    . . .        o - +0 ring mail of the Gusle {rF++}
rPois   .            (no helmet)
rElec   .            (no cloak)
rCorr   .            l - +0 pair of gloves
SInv    +            (no boots)
Will    .....        n - amulet of guardian spirit
Stlth   +            i - ring of see invisible
HPRegen 0.24/turn    (no ring)
MPRegen 0.10/turn

%: guardian spirit
@: no status effects
A: weakness stinger 1
a: Renounce Religion


You were on level 2 of the Dungeon.
You worshipped Qazlal.
Qazlal was aware of your devotion.
You visited 1 branch of the dungeon, and saw 3 of its levels.

You collected 158 gold pieces.

Inventory:

Hand Weapons
 a - a +0 battleaxe (weapon)
 s - a +0 dagger
Missiles
 h - 5 poisoned darts (quivered)
Armour
 d - a +2 scale mail
 e - a +0 leather armour
 l - a +0 pair of gloves (worn)
 o - the +0 ring mail of the Gusle (worn) {rF++}
   (You found it on level 2 of the Dungeon)

   rF++:      It greatly protects you from fire.
Jewellery
 i - a ring of see invisible (left hand)
 n - an amulet of guardian spirit (around neck)
Scrolls
 c - 2 scrolls of teleportation
 g - a scroll of immolation {unknown}
 k - a scroll of identify {unknown}
 t - 2 scrolls of amnesia {unknown}
 u - a scroll of vulnerability {unknown}
Potions
 b - a potion of lignification
 f - a potion of curing {unknown}
 j - a potion of berserk rage {unknown}
 m - a potion of heal wounds {unknown}
 p - a potion of brilliance {unknown}
 q - a potion of invisibility {unknown}
 r - a potion of degeneration {unknown}


   Skills:
 * Level 1.0 Fighting
 + Level 1.1 Short Blades
 + Level 0.1 Throwing
 + Level 4.5 Armour
 + Level 0.7 Dodging
 - Level 1.0 Stealth
 * Level 2.4 Spellcasting
 * Level 0.7 Conjurations
 + Level 1.7 Air Magic
 * Level 1.1 Alchemy


You had 2 spell levels left.
You knew the following spells:

 Your Spells              Type           Power      Damage    Failure   Level
a - Shock                 Conj/Air       24%        1d4       28%         1
c - Mephitic Cloud        Conj/Alch/Air  5%         N/A       63%         3

Your spell library contained the following spells:

 Spells                   Type           Power      Damage    Failure   Level


Dungeon Overview and Level Annotations

Branches:
Dungeon (3/15)

Altars:
Qazlal
Xom

Annotations:
D:2 Terence


Innate Abilities, Weirdness & Mutations

You have a small tail.


Message History

Terence barely misses you.
There is a stone staircase leading up here.
Terence hits you with a +0 falchion.
You climb upwards.
There is a stone staircase leading down here.
Terence closely misses you.
You slash Terence!
Terence is moderately wounded.
Terence hits you but does no damage.
You closely miss Terence.
Terence is moderately wounded.
Terence barely misses you. Terence hits you with a +0 falchion.
You closely miss Terence.
You tail-slap Terence, but do no damage.
Terence is moderately wounded.
Terence hits you with a +0 falchion. x2
You hit Terence.
Terence is heavily wounded.
Terence hits you with a +0 falchion.
You hit Terence.
Terence is severely wounded.
Terence hits you but does no damage. Terence barely misses you.
You barely miss Terence.
Terence is severely wounded.
Terence closely misses you. Terence barely misses you.
You completely miss Terence.
Your tail-slap misses Terence.
Terence is severely wounded.
Terence hits you with a +0 falchion. x2
You hit Terence.
Terence is severely wounded.
Terence completely misses you.
You closely miss Terence.
Terence is severely wounded.
Terence hits you with a +0 falchion. x2
* * * LOW HITPOINT WARNING * * *
You closely miss Terence.
Your tail-slap misses Terence.
Terence is severely wounded.
Terence hits you with a +0 falchion!
You die...
Terence says, "Rest in peace."

...# #......##.##...........#
...# #...###...#####..#######
...# #.....#...~.~..~...~.###
...# #...#.#..~~≈~.~~.~.~~..#
...# #...#.#..~~≈≈~≈~~~~~...#
...#####...#...~.~~~~~~≈≈~....#
#......#...#..#.≈≈≈~≈~~~≈≈..###
#......#...#....~≈≈~~..≈≈~..#
#......#...#...§@~≈~♣_.~≈~..#####
...........#.#.@~≈≈≈~..≈≈≈.......
...........#>#..~≈≈≈≈≈≈≈≈~~.####.
...##......#.#..~≈≈≈≈≈≈≈≈~.~..<#.
...##..........~~~≈≈≈~≈≈≈~...###.
...##........##~≈~~≈.~.~~.~~.# #.
...##........##.~.~...~......###.
.............######.######.#.....
..........###...........#....####


You could see Terence.

Vanquished Creatures
  A gnoll (D:2)
  3 ribbon worms (D:2)
  2 ball pythons
  5 bats
  7 endoplasms
  A giant cockroach (D:2)
  4 goblins
  2 hobgoblins
  2 jackals (D:2)
  2 kobolds (D:1)
  A quokka (D:1)
  3 frilled lizards
33 creatures vanquished.

Notes
Turn   | Place    | Note
-------+----------+-------------------------------------------
     0 | D:1      | Esekla the Demonspawn Wanderer began the quest for the Orb.
     0 | D:1      | Esekla set off with the following items: a +0 dagger, a
                  | potion of lignification, a scroll of teleportation, a +2
                  | scale mail; and the following spell memorised: Shock; and
                  | the following spells available to memorise: Mephitic Cloud.
     0 | D:1      | Reached XP level 1. HP: 13/13 MP: 3/3
   162 | D:1      | Gained mutation: You have a small tail. [demonic ancestry]
   162 | D:1      | Reached XP level 2. HP: 19/20 MP: 5/5
  1032 | D:2      | Reached skill level 1 in Alchemy
  1114 | D:2      | Reached skill level 1 in Fighting
  1117 | D:2      | Identified the +0 ring mail of the Gusle {rF++}
  1178 | D:2      | Reached XP level 3. HP: 23/26 MP: 4/6
  1190 | D:2      | Learned a level 3 spell: Mephitic Cloud
  1211 | D:2      | Found a faded altar of an unknown god.
  1219 | D:2      | Prayed at the altar of an unknown god.
  1219 | D:2      | Became a worshipper of Qazlal Stormbringer
  1219 | D:2      | Reached * piety under Qazlal
  1354 | D:2      | Found a shimmering altar of Xom.
  1400 | D:2      | Reached skill level 1 in Short Blades
  1760 | D:3      | Noticed Terence
  1780 | D:2      | Slain by Terence

Illustrated notes

Levels and vault maps discovered:
D:1:      elethiomel_arrival_infinity_welcomes_careful_drivers,
          layout_loops_ring, palyth_stone_intersect
D:2:      layout_basic, basic_altar, chequers_ecumenical_altar_island,
          cheibrodos_gnoll_hut
D:3:      layout_loops_ring, mainiacjoe_overflow_alcove_1,
          minmay_misc_feat_roman, nicolae_titane, uniq_robin, uniq_terence

Skill      XL: |  1  2  3 |
---------------+----------+-----
Alchemy        | 1 |  1.1
Fighting       | 1 |  1.0
Short Blades   | 1 |  1.1
Throwing       | |  0.1
Armour         | |  4.5
Dodging        | |  0.7
Stealth        | |  1.0
Spellcasting   | |  2.4
Conjurations   | |  0.7
Air Magic      | |  1.7

Action                     || total
---------------------------++-------
  Melee: Dagger            ||   114
         Tailslap          ||    21
         Battleaxe         ||    35
  Throw: Dart              ||     4
 Armour: Scale mail        ||   102
         Ring mail         ||    54
  Dodge: Dodged            ||    63
  Block: Other             ||     1

Table legend: (Time is in decaauts)
 A = Elapsed time spent in this place.
 B = Non-inter-level travel time spent in this place.
 C = Inter-level travel time spent in this place.
 D = Time resting spent in this place.
 E = Time spent auto-exploring this place.
 F = Levels seen in this place.
 G = Mean time per level.
                   A        B        C        D        E       F      G
               +--------+--------+--------+--------+--------+-----+--------+
         Total |   1806 |   1714 |     92 |    128 |    656 |   3 |  602.0 |
       Dungeon |   1806 |   1714 |     92 |    128 |    656 |   3 |  602.0 |
               +--------+--------+--------+--------+--------+-----+--------+

Top non-repeatable levels by time:
     D:1: 933 daAuts
     D:2: 834 daAuts
     D:3: 39 daAuts
